 Dungeon Crawl Stone Soup version 0.23.1 (webtiles) character file.

Game seed: 10228521654432018534

34 ohad the Changer (level 3, -11/23 HPs)
             Began as an Octopode Transmuter on Mar 3, 2019.
             Killed by nerve-wracking pain
             ... invoked by Jessica
              (12 damage)
             ... on level 2 of the Dungeon.
             The game lasted 00:02:10 (1541 turns).

ohad the Changer (Octopode Transmuter)              Turns: 1541, Time: 00:02:11

Health: -11/23     AC:  2    Str:  9    XL:     3   Next: 31%
Magic:  4/6        EV: 19    Int: 16    God:
Gold:   46         SH:  0    Dex: 17    Spells: 0/6 levels left

rFire    . . .     SeeInvis .     - Unarmed
rCold    . . .     Gourm    .   (shield currently unavailable)
rNeg     . . .     Faith    .   (helmet currently unavailable)
rPois    x         Spirit   .   (no amulet)
rElec    .         Reflect  .   (no ring)
rCorr    .         Harm     .   (no ring)
MR       .....                  (no ring)
Stlth    ++........             (no ring)
HPRegen  0.07/turn              (no ring)
MPRegen  0.10/turn              (no ring)
                                (no ring)
                                (no ring)

@: spider-form (expiring)
A: tiny, almost no armour, stealthy swim, (amphibious), 8 rings, (constrict 8)
a: End Transformation


You were on level 2 of the Dungeon.
You were not hungry.
You were a venomous arachnid creature.
You visited 1 branch of the dungeon, and saw 2 of its levels.

You collected 46 gold pieces.

Inventory:

Missiles
 a - 12 arrows
 f - 7 curare-tipped needles
Scrolls
 b - a scroll of enchant weapon {unknown}
 d - a scroll of teleportation {unknown}
 g - a scroll of enchant armour {unknown}
 h - a scroll of random uselessness {unknown}
Potions
 e - 4 potions of curing {unknown}
Comestibles
 c - 3 rations


   Skills:
 - Level 1.0 Fighting
 - Level 2.0 Dodging
 - Level 3.0 Unarmed Combat
 - Level 2.0 Spellcasting
 + Level 3.6 Transmutations


You couldn't memorise any spells.
You knew the following spells:

 Your Spells              Type           Power        Failure   Level  Hunger
a - Beastly Appendage     Tmut           ##....       14%         1    #......
b - Sticks to Snakes      Tmut           ##......     19%         2    ###....
c - Spider Form           Tmut/Pois      #.........   50%         3    ###....

Your spell library contained the following spells:

 Spells                   Type           Power        Failure   Level  Hunger
 Ice Form                 Ice/Tmut       #.......     85%         4    #####..
 Blade Hands              Tmut           ##........   90%         5    ######.


Dungeon Overview and Level Annotations

Branches:
Dungeon (2/15)

Altars:

Annotations:
D:2 Jessica


Innate Abilities, Weirdness & Mutations

You cannot wear most types of armour.
You are very stealthy in the water. (Stealth+)
((You are amphibious.))
You can wear up to eight rings at the same time.
((You can use your tentacles to constrict eight enemies at once.))
((Your skin changes colour to match your surroundings (Stealth+).))
((Your rubbery body absorbs attacks. (AC +1, EV +1)))


Message History

Jessica points at you and mumbles some strange words.
You resist with some effort.
You hit Jessica but do no damage.
Jessica hits you with a +1 dagger of electrocution.
You are electrocuted!
Ouch! That really hurt!
* * * LOW HITPOINT WARNING * * *
Jessica casts a spell at you. Pain shoots through your body!
* * * LOW HITPOINT WARNING * * *
You barely miss Jessica.
Jessica hits you with a +1 dagger of electrocution.
* * * LOW HITPOINT WARNING * * *
Unknown command.
You hit Jessica.
Jessica is severely wounded.
Jessica points at you and mumbles some strange words.
Pain shoots through your body!
Ouch! That really hurt!
You die...

###### ....# ...#
#.# #..# #.# #..#
## #.# ###..# #.#
#.# +..s.# ##
#.##.# #+###@.# .#
#...# #.# #..#
.#.#..###.###..#
#.##...........#
####.##.#####.##..#
[.......# #.....#
####.#### ####.....
# #.# ...###


You could see Jessica.

Vanquished Creatures
  A worm (D:2)
  A dart slug (D:1)
  2 leopard geckos
  5 bats (D:1)
  A goblin (D:1)
  4 hobgoblins
  A quokka (D:2)
  A ball python (D:1)
  5 frilled lizards (D:1)
  6 kobolds (D:1)
  3 rats (D:1)
30 creatures vanquished.

Notes
Turn   | Place    | Note
-------+----------+-------------------------------------------
     0 | D:1      | ohad the Octopode Transmuter began the quest for the Orb.
     0 | D:1      | Reached XP level 1. HP: 13/13 MP: 3/3
   332 | D:1      | Reached XP level 2. HP: 14/18 MP: 5/5
  1055 | D:1      | Reached XP level 3. HP: 18/23 MP: 6/6
  1059 | D:1      | Learned a level 2 spell: Sticks to Snakes
  1063 | D:1      | Learned a level 3 spell: Spider Form
  1528 | D:2      | Noticed Jessica
  1540 | D:2      | HP: 1/23 [Jessica/+1 dagger of electrocution (3)]
  1541 | D:2      | Killed from afar by Jessica

Skill      XL: |  1  2 |
---------------+-------+-----
Transmutations | 3 |  3.6
Fighting       | |  1.0
Dodging        | |  2.0
Unarmed Combat | |  3.0
Spellcasting   | |  2.0

Action                   || total
-------------------------++-------
Melee: Unarmed           ||    74
       Constrict         ||    18
       Tentacles         ||     4
       Kick              ||     3
       Punch             ||     2
 Cast: Beastly Appendage ||     6
       Spider Form       ||     2
 Stab: Sleeping          ||     4
  Eat: Chunk             ||     2
Armor: Skin              ||     4
Dodge: Dodged            ||    39
